 Dungeon Crawl Stone Soup version 0.22-a0-815-gb582571 (webtiles) character file.

1264 Reganza the Cleaver (level 8, -3/71 HPs)
             Began as a Hill Orc Fighter on July 24, 2018.
             Was a Believer of Yredelemnul.
             Slain by an orc warrior
             ... wielding a +0 flail
              (9 damage)
             ... on level 5 of the Dungeon.
             The game lasted 00:25:37 (2890 turns).

Reganza the Cleaver (Hill Orc Fighter)              Turns: 2890, Time: 00:25:38

Health: -3/71      AC:  9    Str: 20 (21) XL:     8   Next: 52%
Magic:  8/8        EV:  8    Int:  8      God:    Yredelemnul [**....]
Gold:   111        SH: 10    Dex:  7 (10) Spells: 7/7 levels left

rFire    . . .     SeeInvis +   a - +0 war axe
rCold    . . .     Gourm    .   c - +1 shield
rNeg     . . .     Faith    .   v - +1 scale mail {rPois}
rPois    +         Spirit   .   (no helmet)
rElec    .         Reflect  .   p - +0 cloak
rCorr    .         Harm     .   (no gloves)
MR       .....                  (no boots)
Stlth    ..........             (no amulet)
HPRegen  0.21/turn              g - ring of poison resistance
MPRegen  0.11/turn              y - ring of see invisible

@: no status effects
A: no striking features
a: Animate Remains, Recall Undead Slaves, Injury Mirror, Renounce Religion


You were on level 5 of the Dungeon.
You worshipped Yredelemnul.
Yredelemnul was pleased with you.
You were not hungry.

You visited 1 branch of the dungeon, and saw 5 of its levels.

You collected 251 gold pieces.
You spent 140 gold pieces at shops.

Inventory:

Hand Weapons
 a - a +0 war axe (weapon)
 e - a +0 mace
 i - a cursed +0 long sword
 j - a +0 hunting sling
 k - a +0 spear
 x - a +0 mace
Missiles
 l - 30 poisoned needles
Armour
 b - a +0 scale mail
 c - a +1 shield (worn)
 o - a +0 leather armour
 p - a +0 cloak (worn)
 q - a +0 chain mail
 v - a +1 scale mail of poison resistance (worn)
Jewellery
 g - a ring of poison resistance (left hand)
 m - an uncursed ring of magical power
 r - an uncursed amulet of the gourmand
 y - a ring of see invisible (right hand)
Wands
 t - a wand of random effects (27)
 w - a wand of polymorph (19)
Scrolls
 d - 2 scrolls of teleportation
 n - 2 scrolls of remove curse
 s - a scroll of magic mapping
 A - a scroll of identify
Potions
 h - 2 potions of brilliance
 u - a potion of invisibility {unknown}
 z - 2 potions of curing {unknown}
Comestibles
 f - 6 rations


   Skills:
 * Level 6.4 Fighting
 * Level 10.1 Axes
 - Level 3.8 Armour
 * Level 2.8 Dodging
 - Level 4.0 Shields
 + Level 0.8 Unarmed Combat
 + Level 0.1 Invocations


You had 7 spell levels left.
You didn't know any spells.
Your spell library was empty.

Dungeon Overview and Level Annotations

Branches:
Dungeon (5/15)
 Temple: D:4-7

Altars:
Gozag
Makhleb
Okawaru
Sif Muna
Uskayaw
Vehumet
Yredelemnul

Shops:
D:4 %


Message History

Your gnoll zombie hits the ice beast with a whip of freezing.
You hit the ice beast.
You kill the ice beast!
Yredelemnul accepts your kill.
Your Axes skill increases to level 10!
An orc warrior comes into view. It is wielding a flail.
The orc warrior shouts!
You hear a shout!
An orc comes into view. It is wielding a dagger.
The orc shouts!
The orc warrior hits you with a flail!
* * * LOW HITPOINT WARNING * * *
You hit the orc warrior.
The orc warrior is lightly wounded.
You block the orc warrior's attack.
An orc wizard comes into view. It is wielding a dagger.
You hit the orc warrior.
The orc warrior is moderately wounded.
The orc warrior hits you with a flail!
You die...
Your body rises from the dead as a mindless zombie.

.###.......## #.###.#
.# ##.....## ...#.#
.#####...### ####.#.#
.##........# #......#
.##.###.##.# #.##.###
.##.###.# .## #.##.#
........# ##.##.##.#
##.........##.......#
#.##.....######@####
#. ##...## #o# #.
#..## #o# .. #....
o.# ## ###### ###


You could see an orc warrior, an orc wizard and an orc.

Vanquished Creatures
  Grinder (D:3)
  Eustachio (D:5)
  2 sky beasts (D:5)
  An ice beast (D:5)
  A phantom (D:5)
  An ogre (D:4)
  A scorpion (D:4)
  A howler monkey (D:4)
  A jelly (D:5)
  A gnoll shaman (D:5)
  An orc wizard (D:5)
  Terence (D:3)
  2 worker ants
  A hound skeleton (D:5)
  8 gnolls (D:5)
  6 adders
  2 oozes (D:2)
  5 worms
  6 dart slugs
  4 leopard geckos
  8 orcs
  5 bats (D:1)
  4 giant cockroaches
  13 hobgoblins
  4 jackals (D:3)
  5 kobolds
  3 quokkas
  5 ball pythons
  2 frilled lizards
  8 goblins
  A jackal skeleton (D:5)
  A jackal zombie (D:5)
  A leopard gecko skeleton (D:5)
  8 rats
  A spectral orc (D:2)
116 creatures vanquished.

Notes
Turn   | Place    | Note
-------+----------+-------------------------------------------
     0 | D:1      | Reganza the Hill Orc Fighter began the quest for the Orb.
     0 | D:1      | Reached XP level 1. HP: 19/19 MP: 1/1
    29 | D:1      | Reached XP level 2. HP: 24/27 MP: 2/2
   244 | D:1      | Reached XP level 3. HP: 29/33 MP: 3/3
   594 | D:2      | Reached skill level 3 in Axes
   704 | D:2      | Found a basalt altar of Yredelemnul.
   713 | D:2      | Became a worshipper of Yredelemnul the Dark
   797 | D:2      | Reached XP level 4. HP: 24/40 MP: 4/4
   979 | D:2      | Reached skill level 1 in Dodging
   983 | D:2      | Found a radiant altar of Vehumet.
  1050 | D:2      | Found a deep blue altar of Sif Muna.
  1163 | D:3      | Reached skill level 4 in Axes
  1191 | D:3      | Noticed Terence
  1206 | D:3      | Killed Terence
  1206 | D:3      | Reached XP level 5. HP: 34/47 MP: 5/5
  1220 | D:3      | Reached * piety under Yredelemnul
  1278 | D:3      | Noticed Grinder
  1300 | D:3      | Killed Grinder
  1300 | D:3      | Reached skill level 6 in Axes
  1300 | D:3      | Reached XP level 6. HP: 55/55 MP: 6/6
  1368 | D:3      | Found an iron altar of Okawaru.
  1544 | D:3      | Found an opulent altar of Gozag.
  1761 | D:3      | Reached skill level 5 in Fighting
  1900 | D:4      | Found a hide-covered altar of Uskayaw.
  1987 | D:4      | Reached skill level 7 in Axes
  1993 | D:4      | Reached XP level 7. HP: 50/61 MP: 7/7
  2108 | D:4      | Found Ycicarayn's Food Shop.
  2116 | D:4      | Bought a ration for 70 gold pieces
  2116 | D:4      | Bought a ration for 70 gold pieces
  2296 | D:5      | Entered Level 5 of the Dungeon
  2324 | D:5      | Reached skill level 8 in Axes
  2420 | D:5      | Found a burning altar of Makhleb.
  2444 | D:5      | Noticed Eustachio
  2489 | D:5      | Killed Eustachio
  2489 | D:5      | Reached ** piety under Yredelemnul
  2489 | D:5      | Reached skill level 9 in Axes
  2489 | D:5      | Reached XP level 8. HP: 28/70 MP: 8/8
  2851 | D:5      | Reached skill level 10 in Axes
  2890 | D:5      | Slain by an orc warrior

Vault maps used:
D:1:      onia_arrival_pyramid, minmay_tall_x
D:2:      old_standard_altar, yredelemnul_forgotten_temple_becter, led_sif_pool,
          first_ration
D:3:      lemuel_round_altar, okawaru_gym_becter, uniq_terence, uniq_grinder
D:4:      lemuel_crystal_altar, serial_shops, shop, grunt_decor_fettered
D:5:      basic_altar, uniq_eustachio

Skill      XL: |  1  2  3  4  5  6  7  8 |
---------------+-------------------------+-----
Axes           | 3 4 6 7 9 10 | 10.1
Shields        | 4 |  4.0
Fighting       | 4 5 6 |  6.4
Dodging        | 1 2 |  2.8
Armour         | |  3.8
Unarmed Combat | |  0.8
Invocations    | |  0.1

Action                   |  1- 3 |  4- 6 |  7- 9 || total
-------------------------+-------+-------+-------++-------
Melee: War axe           |    94 |   174 |   146 ||   414
       Unarmed           |       |       |    10 ||    10
Invok: Injury Mirror     |       |       |     1 ||     1
       Animate Remains   |       |       |     1 ||     1
  Use: Scroll            |     3 |     2 |     2 ||     7
       Potion            |     4 |     3 |     3 ||    10
  Eat: Ration            |       |     1 |     2 ||     3
Armor: Scale mail        |    49 |    54 |    27 ||   130
       Skin              |       |       |    38 ||    38
Dodge: Dodged            |    36 |    61 |    59 ||   156
Block: Shield            |    65 |   111 |    78 ||   254

Table legend:
 A = Spawn XP
 B = Non-spawn XP
 C = Spawn XP percentage of total XP
 D = Spawn monster count
 E = Non-spawn monster count
 F = Spawn count percentage of total count
 G = Total turns spent on level
                    A         B        C        D         E        F      G
               +---------+---------+-------+---------+---------+-------+---------
         Total |       0 |    1806 |   0.0 |       0 |     116 |   0.0 |  2890
               +---------+---------+-------+---------+---------+-------+---------
           D:1 |       0 |      46 |   0.0 |       0 |      26 |   0.0 |   588
           D:2 |       0 |      93 |   0.0 |       0 |      26 |   0.0 |   567
           D:3 |       0 |     388 |   0.0 |       0 |      34 |   0.0 |   742
           D:4 |       0 |     297 |   0.0 |       0 |       6 |   0.0 |   399
           D:5 |       0 |     982 |   0.0 |       0 |      24 |   0.0 |   594
               +---------+---------+-------+---------+---------+-------+---------
